Map: Catalyst LE

Players

noKtaNa - Winner!

  • Race: Zerg Zerg
  • Spawn Location: 5:00

VOD

Have the link to the VOD?

Description

Time

  • Played on: June 20, 2018, 5:50 p.m.
  • Length: 9:46
Show
View Real Time Build Order
Export as new Build Order

noKtaNa Zerg - Winner!

Build Orders:  

Get SALT Encoding   

  12  0:02  Drone  
  13  0:18  Overlord  
  13  0:29  Drone  
  14  0:45  Drone x2  
  16  0:55  Drone  
  17  1:20  Drone  
  17  1:24  Hatchery  
  17  1:42  Spawning Pool  
  17  1:47  Drone  
  17  1:55  Overlord  
  13  2:00  Drone  
  17  2:08  Drone  
  19  2:20  Drone  
  20  2:37  Drone  
  21  2:48  Queen  
  23  2:51  Drone  
  24  3:07  Queen  
  24  3:09  Drone x2  
  28  3:22  Drone x2  
  30  3:35  Overlord  
  30  3:41  Drone  
  30  3:45  Queen  
  33  3:53  Hatchery  
  33  3:54  Drone x2  
  34  4:12  Zergling x4  
  36  4:45  Zergling x2  
  36  4:46  Zergling x8  
  36  4:47  Zergling x6  
  36  4:48  Overlord  
  44  5:01  Overlord  
  44  5:02  Overlord  
  44  5:13  Queen  
  44  5:17  Zergling x2  
  44  5:18  Zergling x8  
  51  5:37  Overlord  
  51  5:38  Overlord, Zergling x6  
  54  5:55  Queen  
  54  5:59  Drone x2  
  56  6:01  Zergling x4  
  56  6:09  Hatchery  
  57  6:30  Overlord  
  57  6:31  Overlord, Zergling x2  
  57  6:32  Zergling x14  
  57  6:37  Zergling x6  
  68  7:09  Drone x2  
  70  7:10  Drone x9  
  72  8:30  Overlord  
  72  8:31  Overlord x2, Zergling x2  
  72  8:32  Zergling x34  
  72  8:33  Zergling x4  
  91  8:49  Drone x3  
Tags
 
Add a new tag
Caveats
  • Supply blocks, unpowered buildings, or Contaminate may cause inaccurate times.
  • Supply counts are checked every 10 seconds.